 Dungeon Crawl Stone Soup version 0.27.1-4-g1640c2035a (webtiles) character file.

Game seed: 6863180770340879405

90 pkoi the Shield-Bearer (level 4, -12/39 HPs)
             Began as a Minotaur Fighter on Nov 12, 2021.
             Killed by divine providence
             ... invoked by an orc priest
              (16 damage)
             ... on level 2 of the Dungeon.
             The game lasted 00:01:56 (1353 turns).

pkoi the Shield-Bearer (Minotaur Fighter)           Turns: 1353, Time: 00:01:57

Health: -12/39     AC:  6    Str: 27    XL:     4   Next: 32%
Magic:  3/3        EV:  8    Int:  5    God:
Gold:   60         SH: 10    Dex: 10    Spells: 3/3 levels left

rFire    . . .     SeeInvis .   a - +0 long sword
rCold    . . .     Faith    .   c - +0 kite shield
rNeg     . . .     Spirit   .   b - +0 scale mail
rPois    .         Reflect  .   (helmet restricted)
rElec    .         Harm     .   (no cloak)
rCorr    .         Rampage  .   (no gloves)
Will     .....                  (no boots)
Stlth    ..........             (no amulet)
HPRegen  0.13/turn              g - +6 ring of strength
MPRegen  0.08/turn              (no ring)

@: no status effects
A: horns 2, retaliatory headbutt
a: no special abilities


You were on level 2 of the Dungeon.
You visited 1 branch of the dungeon, and saw 2 of its levels.

You collected 60 gold pieces.

Inventory:

Hand Weapons
 a - a +0 long sword (weapon)
Missiles
 l - 14 poisoned darts (quivered)
Armour
 b - a +0 scale mail (worn)
 c - a +0 kite shield (worn)
Jewellery
 g - a +6 ring of strength (left hand)
Scrolls
 f - a scroll of identify {unknown}
 h - a scroll of immolation {unknown}
 k - 2 scrolls of enchant weapon {unknown}
Potions
 d - a potion of might
 e - a potion of heal wounds {unknown}
 i - a potion of brilliance {unknown}
 j - 5 potions of curing {unknown}


   Skills:
 - Level 3.6 Fighting
 + Level 4.3 Long Blades
 - Level 3.6 Armour
 + Level 5.1 Shields


You had 3 spell levels left.
You didn't know any spells.
Your spell library contained the following spells:

 Spells                   Type           Power      Damage    Failure   Level
 Summon Small Mammal      Summ           0%         N/A       99%         1
 Call Canine Familiar     Summ           0%         N/A       100%        3
 Summon Guardian Golem    Hex/Summ       0%         N/A       100%        3


Dungeon Overview and Level Annotations

Branches:
Dungeon (2/15)

Altars:


Innate Abilities, Weirdness & Mutations

You have a pair of horns on your head.
You reflexively headbutt those who attack you in melee.


Message History

The orc wizard hits you with a +0 dagger.
You block the orc wizard's attack.
You closely miss the orc wizard.
The orc wizard is almost dead.
The orc wizard hits you but does no damage.
You hit the orc wizard.
You kill the orc wizard!
You block the orc's attack.
Your Shields skill increases to level 5!
You have reached level 4!
You feel agile.
You hit the orc.
The orc is heavily wounded.
The orc priest invokes the aid of Beogh against you.
Beogh smites you! You block the orc's attack.
You barely miss the orc.
The orc is heavily wounded.
You block the orc's attack.
You hit the orc.
The orc is heavily wounded.
The orc hits you with a +1 hand axe of flaming.
* * * LOW HITPOINT WARNING * * *
The orc burns you.
* * * LOW HITPOINT WARNING * * *
The orc priest looks satisfied for a moment.
The orc hits you but does no damage.
The orc priest mumbles some strange prayers to Beogh against you.
Beogh smites you!
* * * LOW HITPOINT WARNING * * *
You hear a shout!
The orc priest shouts!
The orc priest drinks a potion.
The orc priest flickers and vanishes!
Deactivating autopickup; reactivate with Ctrl-A.
Something hits you but does no damage.
Found a stone staircase leading up.
There is a stone staircase leading down here.
There is an escape hatch in the ceiling here.
You hear something call down the wrath of Beogh upon you.
Beogh smites you!
You die...

####......#.......#...
..####.##.........#.#
..####)##...........#
....##o##..........#
..#..#o##...o......#
..##.†..#..........###.
..####..#.....o.......<
.....#.........o..##..
.....#.###.....{@.#
.......##..........#
.......##..........#
.......##..........#
......###..........#
....#. #..........#
###... ##........##
##.......#


You could see an orc priest and 2 orcs.

Vanquished Creatures
  An orc wizard (D:2)
  An adder (D:2)
  4 dart slugs
  3 ball pythons
  4 endoplasms
  3 giant cockroaches (D:2)
  6 goblins
  3 hobgoblins (D:1)
  5 kobolds
  3 quokkas (D:1)
  6 bats
  2 frilled lizards (D:1)
  3 rats
44 creatures vanquished.

Notes
Turn   | Place    | Note
-------+----------+-------------------------------------------
     0 | D:1      | pkoi the Minotaur Fighter began the quest for the Orb.
     0 | D:1      | Reached XP level 1. HP: 19/19 MP: 0/0
   196 | D:1      | Reached skill level 4 in Shields
   196 | D:1      | Reached XP level 2. HP: 22/26 MP: 1/1
   786 | D:1      | Reached XP level 3. HP: 31/31 MP: 2/2
   825 | D:1      | Found a faded altar of an unknown god.
  1340 | D:2      | Reached skill level 5 in Shields
  1340 | D:2      | Reached XP level 4. HP: 37/39 MP: 3/3
  1353 | D:2      | Killed from afar by an orc priest

Illustrated notes

Levels and vault maps discovered:
D:1:      shiori_arrival_oz, layout_loops_corners, ebering_ecumenical_altar_box,
          nrook_campfire
D:2:      layout_rooms, basic_altar

Skill      XL: |  1  2  3 |
---------------+----------+-----
Shields        | 4 5 |  5.1
Long Blades    | 3 4 |  4.3
Fighting       | |  3.6
Armour         | |  3.6

Action                   |  1- 3 |  4- 6 || total
-------------------------+-------+-------++-------
Melee: Long sword        |    89 |     3 ||    92
       Headbutt          |    18 |       ||    18
Armor: Scale mail        |    38 |     2 ||    40
Dodge: Dodged            |    30 |       ||    30
Block: Kite shield       |    44 |     2 ||    46
       Rpst.: Long sword |     6 |       ||     6
